AoeStats
← [CL] Al3jandr0.magn00

Golden Pit

508050939Analyzed
1v1 RM · 11d ago on Sep 20, 2026· 38m 52s· 2 players
Game mode
Random Map
Map size
Tiny (2 player)
Population
200
Speed
Normal
Resources
Standard
Victory
Conquest
Starting age
Dark Age
Ending age
Imperial Age
RankedLock teamsTeams togetherTeam positionsShared explorationLock speedFull tech treeHidden civsTurbo modeCheats
Victory
Defeat
🇦🇷 Burmese · Argentina
1911
+17
🇧🇷 Chinese · Brazil
1932
-17
[CL] Al3jandr0.magn00
9:19 Loom
13:10 Feudal Age
18:19 Castle Age
17:30 Horse Collar
18:56 Scale Barding Armor
23:35 Bloodlines
28:27 Husbandry
31:36 Devotion
32:02 Chain Barding Armor
36:06 Imperial Age
34:14 Wheelbarrow
37:29 Plate Barding Armor
36:18 Cavalier
Crankshaft
0:26 Loom
8:46 Feudal Age
9:48 Double-Bit Axe
11:27 Horse Collar
20:23 Castle Age
19:11 Fletching
19:48 Gold Mining
20:25 Crossbowman
21:35 Bodkin Arrow
24:30 Wheelbarrow
27:38 Town Watch
35:34 Ballistics
Connection lost

Rejoining the realm…

Still unreachable

The connection could not be restored.

Session expired

The server has moved on; the page needs a fresh start.